[Event "Grand Prix Romania 1st Stage 2024"]
[Site "Bucuresti"]
[Date "2024.03.24"]
[Round "8.38"]
[White "Cnejev, Vladimir-Alexandru"]
[Black "Toma, Iustin"]
[Result "1-0"]
[ECO "A06"]
[WhiteElo "2311"]
[BlackElo "1891"]
[Annotator "RC"]
[PlyCount "101"]
[EventDate "2024.03.20"]
[EventType "swiss"]
[EventCountry "ROU"]
[SourceTitle "playchess.com"]
[Source "ChessBase"]
[SourceQuality "1"]
[TimeControl "900+5"]

1. Nf3 Nf6 2. b3 d5 3. Bb2 c5 4. e3 Nc6 5. Bb5 Bg4 6. h3 Bxf3 7. Qxf3 Qd6 8. O-O e5 9. c4 a6 10. cxd5 axb5 11. dxc6 e4 12. cxb7 Rb8 13. Qf5 Qe6 14. Qxe6+ fxe6 15. Bxf6 gxf6 16. Nc3 b4 17. Nxe4 f5 18. Ng5 Ke7 19. Rac1 Kf6 20. Nf3 Rxb7 21. d4 cxd4 22. Nxd4 Bd6 23. Rc6 Rd8 24. Rd1 Rc7 25. Rxc7 Bxc7 26. Rc1 Bb6 27. Rc4 Ra8 28. Nxe6 Kxe6 29. Rc6+ Kd5 30. Rxb6 Kc5 31. Rf6 Rxa2 32. Rxf5+ Kc6 33. Rf4 Kc5 34. Rc4+ Kb5 35. Rd4 Rc2 36. g4 Rc3 37. Rd7 h6 38. Rd5+ Kc6 39. Rh5 Rxb3 40. Rxh6+ Kc5 41. g5 Rd3 42. Rh8 Rd6 43. Rc8+ Kd5 44. Rb8 Kc4 45. h4 Rg6 46. f4 b3 47. h5 Re6 48. Kf2 Re7 49. h6 Kc3 50. g6 b2 51. h7 1-0

[Event "Grand Prix Romania 1st Stage 2024"]
[Site "Bucuresti"]
[Date "2024.03.24"]
[Round "8.39"]
[White "Tanasie, Cosmin"]
[Black "Serban, Cristian-Stefan"]
[Result "0-1"]
[ECO "B13"]
[WhiteElo "2009"]
[BlackElo "2309"]
[Annotator "RC"]
[PlyCount "72"]
[EventDate "2024.03.20"]
[EventType "swiss"]
[EventCountry "ROU"]
[SourceTitle "playchess.com"]
[Source "ChessBase"]
[SourceQuality "1"]
[TimeControl "900+5"]

1. d4 Nf6 2. Bf4 c5 3. e3 Qb6 4. b3 cxd4 5. exd4 d5 6. Nf3 Bg4 7. Be2 Nc6 8. c3 e6 9. O-O Be7 10. Nbd2 O-O 11. h3 Bh5 12. Ne5 Bxe2 13. Qxe2 Rac8 14. Qd3 Nxe5 15. Bxe5 Qa5 16. Rfc1 Rc6 17. c4 dxc4 18. Rxc4 Rxc4 19. bxc4 Rd8 20. Qe3 h6 21. Ne4 Nxe4 22. Qxe4 b6 23. Rd1 Qxa2 24. d5 Bc5 25. Bg3 b5 26. cxb5 Rxd5 27. Rc1 Rf5 28. Rc2 Qb1+ 29. Kh2 Qxb5 30. Bf4 Qb6 31. g4 Rxf4 32. Qa8+ Kh7 33. f3 Rb4 34. Rd2 Rb2 35. Qe4+ g6 36. Qe2 Qd6+ 0-1

[Event "Grand Prix Romania 1st Stage 2024"]
[Site "Bucuresti"]
[Date "2024.03.24"]
[Round "9.1"]
[White "Deac, Bogdan-Daniel"]
[Black "Sargsyan, Shant"]
[Result "1/2-1/2"]
[ECO "C89"]
[WhiteElo "2690"]
[BlackElo "2637"]
[Annotator "TA"]
[PlyCount "125"]
[EventDate "2024.03.20"]
[EventType "swiss"]
[EventCountry "ROU"]
[SourceTitle "playchess.com"]
[Source "ChessBase"]
[SourceQuality "1"]
[TimeControl "900+5"]

1. e4 e5 2. Nf3 Nc6 3. Bb5 a6 4. Ba4 Nf6 5. O-O Be7 6. Re1 b5 7. Bb3 O-O 8. c3 d5 9. exd5 Nxd5 10. Nxe5 Nxe5 11. Rxe5 c6 12. d3 Bd6 13. Re1 Bf5 $1 {[%emt 0:00:24] 13...Bf5 scores better than 13...Qh4.} 14. Qf3 Qh4 {[%emt 0:00:03] C89: Closed Ruy Lopez: Marshall Attack.} 15. g3 Qh3 16. Nd2 Rae8 17. Ne4 Bg4 18. Qg2 Qxg2+ 19. Kxg2 f5 20. Bf4 Bxf4 (20... fxe4 $2 {too greedy.} 21. Bxd6 Bf3+ 22. Kf1 $18 (22. Kg1 Rf6 $18)) 21. gxf4 fxe4 22. dxe4 Bf3+ $1 23. Kxf3 Rxf4+ 24. Kg3 Rfxe4 25. Rxe4 Rxe4 26. f3 Re2 27. c4 bxc4 28. Bxc4 Rxb2 29. Bxa6 g5 30. a4 Kg7 $1 31. h4 Kf6 32. Bf1 $146 ({Predecessor:} 32. a5 Nf4 33. Bf1 Kf5 34. Bh3+ {½-½ Sherwood,R (2367)-Visloguzov,V (2375) olm22 sf05 email 2020 [6]}) 32... Ne3 33. Bd3 Nf5+ 34. Bxf5 Kxf5 35. hxg5 Kxg5 36. Rc1 Rb6 37. Rc5+ Kf6 38. a5 Ra6 39. Kf4 Ke6 40. Ke4 Kd6 41. Rh5 Ra7 42. f4 Re7+ $2 (42... Ra8 $11 {and Black is okay.}) 43. Re5 $2 ({White has to play} 43. Kd4 $18 {Black must now prevent Rh6+.} Rd7 44. f5) 43... Rg7 ({Weaker is} 43... Rxe5+ 44. fxe5+ Kc5 45. e6 Kd6 46. Kf5 (46. a6 Kxe6 47. a7 Kd6 48. a8=Q h5 49. Qf8+ Ke6 50. Qc5 Kf6 51. Qxc6+ Kg5) 46... h5 47. a6 h4 48. a7) 44. a6 Ra7 45. Ra5 h5 46. f5 h4 47. Kf4 c5 48. Kg4 c4 49. Kxh4 c3 50. Ra2 Ke7 51. Kg5 Kf7 52. Rc2 Rxa6 53. Rxc3 Rb6 54. Rc7+ Kf8 55. Rh7 Ra6 56. Rh6 Rxh6 57. Kxh6 Kf7 58. Kg5 Kg7 59. f6+ Kf7 60. Kf5 Kf8 61. Kg6 (61. Ke5 $5) 61... Kg8 62. f7+ Kf8 63. Kf6 1/2-1/2

[Event "Grand Prix Romania 1st Stage 2024"]
[Site "Bucuresti"]
[Date "2024.03.24"]
[Round "9.2"]
[White "Kozak, Adam"]
[Black "Korobov, Anton"]
[Result "0-1"]
[ECO "B50"]
[WhiteElo "2607"]
[BlackElo "2662"]
[Annotator "TA"]
[PlyCount "58"]
[EventDate "2024.03.20"]
[EventType "swiss"]
[EventCountry "ROU"]
[SourceTitle "playchess.com"]
[Source "ChessBase"]
[SourceQuality "1"]
[TimeControl "900+5"]

1. e4 c5 2. Nf3 d6 3. h3 Nf6 4. Nc3 a6 5. a4 Nc6 6. g3 g6 7. d4 cxd4 8. Nxd4 {[%emt 0:00:02] The position is equal.} Bd7 9. Bg2 Bg7 10. O-O O-O 11. Nb3 Rc8 12. Nd5 Ne5 13. Re1 Nxd5 14. exd5 Rc4 (14... Nc4 $11) 15. a5 ({White should play} 15. f4 $1 $14) 15... Qc8 16. f4 Bxh3 $1 {[%emt 0:00:03] [#] Strongly threatening ...Bg4.} 17. fxe5 Bxe5 18. Re4 (18. Rxe5 dxe5 19. c3 (19. Nd2 $2 Rd4 $17) 19... Bxg2 20. Kxg2 Rd8 $17) 18... Bxg2 ({Much weaker is} 18... Rxe4 19. Bxe4 Bxg3 20. Bh6 $14 (20. Qf3 Be5 $11)) 19. Rxc4 Qxc4 20. Kxg2 Qe4+ 21. Kf2 Qf5+ (21... Rc8 $5 22. c3 $8 h5 $11) 22. Kg2 {[%emt 0:00:01] Hoping for Ra4.} Qe4+ (22... Rc8 $5 23. c3 $8 Qe4+ 24. Qf3 Qc2+ 25. Nd2 Rc5 $11) 23. Kf2 h5 {[%emt 0:00:52] White must now prevent ...h4.} (23... Rc8 $5 24. c3 $8 h5 $11) 24. Qd3 Qh1 25. Bf4 (25. Qf3 {simplifies} Qxf3+ 26. Kxf3 Rc8 27. Be3) 25... Qh2+ 26. Kf3 {[%emt 0:00:01] [#] Bxe5 is the strong threat.} Rc8 {[%emt 0:00:27] ...Bxf4 would now be deadly.} 27. Nd4 $2 (27. c3 $11 Qxb2 28. c4 (28. Bxe5 dxe5 29. Rb1 Qh2 $17)) 27... Bxd4 $19 28. Qxd4 Rxc2 ({Stronger than} 28... Qxc2 29. Rc1 Qb3+ 30. Kf2 Rxc1 31. Bxc1 $14) 29. Rf1 Qe2# {[%emt 0:01:01] Weighted Error Value: White=0.93/Black=0.09 (flawless) .  Loses game:     	White=1     	---        Mistake:       	White=1     	Black=1      Inaccurate:     	White=3     	Black=2      OK:         	White=8     	Black=7      Best:        	White=2     	Black=1      Strong:       	---       	Black=1} 0-1

[Event "Grand Prix Romania 1st Stage 2024"]
[Site "Bucuresti"]
[Date "2024.03.24"]
[Round "9.3"]
[White "Motylev, Alexander"]
[Black "Mikhalevski, Victor"]
[Result "1/2-1/2"]
[ECO "C50"]
[WhiteElo "2611"]
[BlackElo "2514"]
[Annotator "TA"]
[PlyCount "166"]
[EventDate "2024.03.20"]
[EventType "swiss"]
[EventCountry "ROU"]
[SourceTitle "playchess.com"]
[Source "ChessBase"]
[SourceQuality "1"]
[TimeControl "900+5"]

1. e4 e5 2. Nf3 Nc6 3. Bc4 Bc5 4. d3 Nf6 5. Nc3 d6 6. Na4 Bb6 7. O-O Be6 (7... Na5 $5) 8. Bxe6 fxe6 {[%emt 0:00:02] Weiß hat minimalen Vorteil.} 9. c3 O-O 10. b4 Qe8 11. Bd2 Nh5 12. g3 Nf6 13. Nxb6 axb6 14. a4 Qd7 15. Kg2 Ra7 16. Qb3 d5 17. Rfe1 dxe4 18. dxe4 Ng4 (18... Raa8 $142) 19. h3 $16 Nxf2 20. Re3 (20. Re2 $1 $16 Nxh3 21. Rf1) 20... Raa8 $1 $14 21. Qc2 (21. Qc4 $5) 21... Rad8 $1 22. Re2 (22. b5 $5 Na5 23. c4 $16) 22... Nd3 {[%emt 0:01:52][%cal Od3b4] Hervorragende Reitkunst.} (22... Nxh3 23. Rf1 $16) (22... Rxf3 $5 23. Kxf3 Rf8+ (23... Nxh3 24. Kg4 $16) 24. Kg2 Qf7 $11) 23. Bg5 (23. b5 $5 Qf7 24. Re3 Nf4+ 25. gxf4 exf4 26. Re2 Qg6+ 27. Kh1 $11) 23... Ndxb4 $1 24. cxb4 Rxf3 $1 25. Bxd8 Qxd8 26. Rd1 ({Günstiger ist} 26. Qa2 $11 Nd4 27. Rf2) 26... Nd4 $15 {[%emt 0:00:06] ...Qg5 wäre nun fies.} 27. Rf2 $2 {[%emt 0:00:43][%mdl 8192] [#]} (27. Qd2 $15) 27... Rxg3+ $3 28. Kxg3 $19 Qg5+ 29. Kh2 Nxc2 30. Rxc2 {[%emt 0:00:04][%mdl 4096] Endspiel. KQ-KRR} Qf4+ 31. Kg1 {[%emt 0:00:09] Droht stark Rd8+.} Qe3+ (31... Qxe4 32. Rd8+ Kf7 33. Rd7+ Kf6 34. Rf2+ Kg6 35. Rg2+ Kh5 36. Rdxg7) 32. Rf2 (32. Kh2 $142) 32... h6 (32... Qxh3 33. Rd8#) 33. Kg2 $2 (33. Rd7) 33... Qxe4+ 34. Kh2 Qxb4 35. Rd8+ Kh7 36. Rd7 e4 37. Rff7 Qc3 (37... Qxa4 $2 38. Rxg7+ Kh8 39. Rh7+ Kg8 40. Rdg7+ Kf8 41. Rxc7 $18) 38. Rxc7 Qe5+ 39. Kg2 h5 40. Rxb7 Kh6 41. Rxb6 e3 {[%emt 0:00:20] ( -> ...Qe4+)} 42. Rf1 e2 43. Re1 Qe4+ 44. Kh2 Qe3 (44... Qxa4 45. Rxe6+ Kh7 46. R1xe2 $17) 45. Rbb1 Qf2+ 46. Kh1 Kg5 47. a5 Kh4 48. Rb4+ Kxh3 49. Rb3+ Kg4 50. Rb4+ Kf5 51. Rbb1 h4 52. a6 Qf3+ 53. Kh2 Qf4+ 54. Kh1 Qe4+ 55. Kh2 Qf4+ (55... g5 $19 56. a7 g4) 56. Kh1 $1 Qf3+ 57. Kh2 $1 e5 (57... h3 $142 58. Rg1 g5 59. Ra1 g4 (59... Qf2+ $2 60. Kh1 $19) 60. a7 Qf2+ 61. Kh1 h2 (61... g3 $2 62. Rxg3 e1=Q+ 63. Rxe1 $19) 62. Rg2 e1=R+ 63. Rxe1 Qxe1+ 64. Kxh2 Qe5+ 65. Rg3 Qh8+ 66. Kg2 Qa8+ 67. Kf2 Qxa7+ 68. Ke2 Qa2+ 69. Kd1 Kf4 (69... Qf2 70. Rd3 g3 71. Rd2 Qf1+ 72. Kc2 g2 73. Rxg2 Qxg2+ 74. Kc3 Ke4 75. Kc4 Qf2 76. Kb4 Qd4+ 77. Kb5 Kd5 78. Ka6 Qb4 79. Ka7 Kc6 80. Ka8 Qb7#) 70. Rd3 g3 71. Rd2 Qb1+ 72. Ke2 Qe4+ 73. Kf1 Qf3+ 74. Ke1 g2 75. Rd4+ Ke5 (75... Ke3 76. Rd3+ Kf4 77. Rxf3+ Kxf3 78. Kd2 g1=Q 79. Kc3 Qc5+ 80. Kb3 Ke2 81. Ka4 Kd2 82. Kb3 Qb5+ 83. Ka3 Kc3 84. Ka2 Qb2#) 76. Rg4 Qxg4 77. Kd2 g1=Q (77... g1=R 78. Kc3 Qh3+ 79. Kb4 Rb1+ 80. Kc4 Qb3+ 81. Kc5 Qd5#) 78. Kc2 Qc4+ 79. Kd2 Qgc1#) 58. Ra1 Qf2+ 59. Kh1 Qf3+ 60. Kh2 Qf2+ 61. Kh1 Qf3+ 62. Kh2 Qf2+ (62... h3 $142 63. Rg1 Qf2+ 64. Kh1 Qa7 65. Kh2 g5 66. Kxh3 Qe3+ 67. Kh2 g4 68. Rgf1+ exf1=Q (68... exf1=B {wird mattgesetzt.} 69. Rxf1+ Ke4 70. a7 Qxa7 71. Kg3 Qe3+ 72. Kg2 g3 73. Kh3 Qe2 74. Rf8 Qh2+ 75. Kg4 g2 76. Kg5 g1=Q+ 77. Kf6 Qh6+ 78. Ke7 Qc5+ 79. Kd8 Qhxf8+ 80. Kd7 Qfe7#) 69. Rxf1+ Ke4 70. a7 Qxa7 71. Kh1 g3 72. Kg2 Qe3 73. Kh3 Qe2 (73... g2+ {führt zum Matt.} 74. Kxg2 Qe2+ 75. Rf2 Ke3 76. Rxe2+ Kxe2 77. Kh3 e4 78. Kg4 e3 79. Kf4 Kd3 80. Kg3 e2 81. Kf2 Kd2 82. Kg3 e1=Q+ 83. Kf4 Qe6 84. Kf3 Qf5+ 85. Kg2 Ke3 86. Kg3 Qg5+ 87. Kh2 Kf3 88. Kh3 Qh6#) 74. Rf8 Qh2+ 75. Kg4 g2 76. Kg5 g1=Q+ (76... g1=R+ 77. Kf6 Qf2+ 78. Ke7 Qa7+ 79. Ke8 Rg7 80. Rf4+ exf4 81. Kf8 Qf7#) 77. Kf6 Qh6+ 78. Kf7 Qgg7+ (78... Qgg6+ $2 79. Ke7 Qd6+ 80. Kf7 Qhxf8#) 79. Ke8 Qxf8+ 80. Kd7 Qhd6#) 63. Kh1 {[%emt 0:00:00] [#]} e4 $2 (63... h3 $1 $19 {[%csl Gh3][%cal Rf2g2] bietet bessere Gewinnchancen.} 64. Rg1 Qa7) 64. a7 $17 {[%emt 0:00:02] [#]} Qf3+ ({Besser ist} 64... h3 $1 $17 65. Rg1 e1=Q 66. Raxe1 Qxa7 67. Ref1+ Ke6) 65. Kh2 $11 Qg3+ 66. Kh1 Qf3+ 67. Kh2 h3 68. Rg1 {[%emt 0:00:17] Gegen Qg2+ gerichtet. Sehr scharf!} e1=Q 69. Raxe1 {[%emt 0:00:01][%cal Og1f1] Weiss droht Rgf1! und Matt.} Qf2+ 70. Kxh3 Qxa7 71. Ref1+ Ke5 72. Rg5+ Kd4 73. Rfg1 Qd7+ 74. R1g4 Kd3 75. Rxg7 Qf5 {[%emt 0:00:01] ...e3 ist eine echte Drohung.} (75... Qe6 $5 76. R7g6 $8 Qd5 $15) 76. R7g5 {[%emt 0:00:20] Aktives Gegenspiel!} Qh7+ 77. Kg2 {[%emt 0:00:10] Die Stellung ist ausgeglichen.} e3 {[%emt 0:00:03] Und ...Qb7+ würde nun gewinnen.} 78. Rd5+ Ke2 79. Re5 Qb7+ 80. Kh2 Kd2 81. Rd4+ Kc3 82. Rde4 Qh7+ 83. Kg2 Qg7+ {[%emt 0:00:20] Weiß hat die Chance genutzt.   Gewichteter Fehlerwert: Weiß=0.56/Schwarz=0.36.  Verlustzug:     	Weiß=1     	---        Fehler:       	Weiß=4     	Schwarz=2     Ungenau:       	Weiß=8     	Schwarz=6     OK:         	Weiß=15    	Schwarz=13    Bester:       	Weiß=9     	Schwarz=2     Stark:        	Weiß=1     	Schwarz=4} 1/2-1/2

[Event "Grand Prix Romania 1st Stage 2024"]
[Site "Bucuresti"]
[Date "2024.03.24"]
[Round "9.4"]
[White "Costachi, Mihnea"]
[Black "Ponomariov, Ruslan"]
[Result "0-1"]
[ECO "D38"]
[WhiteElo "2470"]
[BlackElo "2646"]
[Annotator "TA"]
[PlyCount "80"]
[EventDate "2024.03.20"]
[EventType "swiss"]
[EventCountry "ROU"]
[SourceTitle "playchess.com"]
[Source "ChessBase"]
[SourceQuality "1"]
[TimeControl "900+5"]

1. d4 Nf6 2. c4 e6 3. Nf3 d5 4. Nc3 Nbd7 5. cxd5 exd5 6. Bg5 Bb4 7. e3 c5 8. Bd3 Qa5 9. Qc2 O-O 10. O-O c4 11. Bf5 Re8 12. Nd2 g6 13. Bh3 Kg7 14. Rfe1 Nb6 15. Bxc8 Raxc8 16. Bxf6+ {[%emt 0:00:37] Die Stellung ist ausgeglichen.} Kxf6 17. e4 dxe4 {[%emt 0:00:51] Aktives Gegenspiel!} 18. Ndxe4+ {[%emt 0:01:00] Hervorragende Reitkunst.} Kg7 19. a3 Bf8 20. d5 Nxd5 $15 21. Nxd5 Qxd5 22. Qc3+ Qe5 $1 23. Nd6 $1 Bxd6 24. Rxe5 Bxe5 25. Qc2 Re6 26. g3 {[%emt 0:01:38] [#]} (26. Re1 $11) 26... Rb6 $1 $17 27. Rb1 Rb3 28. a4 Bf6 29. h4 h5 30. Kf1 {[%emt 0:00:50] Danach ist Weiß chancenlos.} (30. Qe4 $17) 30... a6 31. a5 (31. Qe4 $17) 31... Rc5 $19 32. Qe4 {[%emt 0:00:43] [#]} Rb4 $1 (32... Rxa5 33. Qxc4 Rxb2 34. Rxb2 Bxb2 35. Kg2 $19) (32... Bxb2 $2 {ist das falsche Schlagen.} 33. Rxb2 (33. Qc2 Bd4 $11) 33... Rf5 34. Rc2 $18) 33. Qe3 $2 (33. Rc1) 33... Rxa5 34. Rd1 Rxb2 (34... Bxb2 35. Rd8 Re5 36. Qd2 $11) 35. Rd7 Rf5 {[%emt 0:00:19] Und ...c3 würde nun gewinnen.} 36. Qe8 (36. Kg1 $19 Rbxf2 (36... Rfxf2 $2 37. Qxf2 Rxf2 38. Kxf2 $19) 37. Qxf2 Rxf2 38. Kxf2) 36... Rbxf2+ {[%emt 0:00:12] Schwarz setzt Matt.} 37. Ke1 Rf1+ 38. Ke2 R5f2+ 39. Ke3 Re1+ 40. Kxf2 Rxe8 {[%emt 0:00:01] Gewichteter Fehlerwert: Weiß=0.58/Schwarz=0.08 (makellos) .  Fehler:       	Weiß=6     	---        Ungenau:       	Weiß=3     	Schwarz=2     OK:         	Weiß=7     	Schwarz=6     Bester:       	Weiß=1     	Schwarz=4     Stark:        	Weiß=1     	Schwarz=3} 0-1

[Event "Grand Prix Romania 1st Stage 2024"]
[Site "Bucuresti"]
[Date "2024.03.24"]
[Round "9.5"]
[White "Mamedov, Rauf"]
[Black "Moroni, Luca Jr"]
[Result "1-0"]
[ECO "B07"]
[WhiteElo "2651"]
[BlackElo "2580"]
[Annotator "TA"]
[PlyCount "122"]
[EventDate "2024.03.20"]
[EventType "swiss"]
[EventCountry "ROU"]
[SourceTitle "playchess.com"]
[Source "ChessBase"]
[SourceQuality "1"]
[TimeControl "900+5"]

1. e4 d6 2. d4 e5 3. dxe5 dxe5 4. Qxd8+ Kxd8 5. Bc4 f6 6. Be3 c6 {[%emt 0:00:02] B07: Pirc Defence: Miscellaneous Systems.} 7. Nd2 {[%emt 0:00:13] is the legacy move (7.a4).} Kc7 8. f4 Nd7 9. Ngf3 Bd6 $146 ({Predecessor:} 9... Nh6 10. h3 Bc5 11. Bxc5 Nxc5 12. f5 b5 13. Bf1 Nf7 14. O-O-O Nd6 15. Re1 g5 {0-1 Mauritz,G (1848)-Mueller,M (2074) Niederbayernliga 1314 2013 (2)}) 10. fxe5 Nxe5 11. Nxe5 Bxe5 12. O-O-O Ne7 13. Nf3 Ng6 14. h4 Bg3 15. h5 Ne5 16. Nxe5 Bxe5 17. Rdf1 h6 18. Bf7 Rf8 19. Bg6 $1 Be6 20. Rd1 Bg4 21. Rd3 Rad8 22. b3 Be2 23. Rd2 Rxd2 24. Kxd2 Bg4 25. c3 Rd8+ 26. Kc2 Be2 27. Re1 Bd3+ 28. Kb2 Ba6 29. Kc2 Bd3+ 30. Kb2 a5 31. Rd1 b6 32. Bd4 c5 33. Rxd3 cxd4 34. cxd4 Bxd4+ 35. Kc2 Kc6 36. Bf7 Kc5 37. a3 b5 38. Kd1 b4 39. a4 Rd7 40. Be6 Re7 41. Bf5 Rc7 42. Be6 Rc6 43. Bf5 Rd6 44. Ke2 Kb6 45. Rg3 Bc3 46. Rxg7 Rd2+ 47. Ke3 Rb2 48. Be6 Kc5 49. Rd7 Rxg2 50. Rd5+ Kc6 51. Rxa5 Kd6 52. Bc4 Rg3+ 53. Ke2 Kc6 (53... Rg5 $16 54. Rb5 Rxb5 55. Bxb5 Bd4) 54. Rd5 $18 Be5 55. a5 Rg2+ 56. Kf3 Rg3+ {[%emt 0:00:01] [#]} 57. Kf2 $1 Rh3 58. a6 Rxh5 $2 {[%emt 0:00:10] [#]} (58... Bc7 $18 59. Bb5+ Kb6) 59. a7 $1 Rh2+ 60. Kf3 Ra2 61. Rxe5 Rxa7 1-0

[Event "Grand Prix Romania 1st Stage 2024"]
[Site "Bucuresti"]
[Date "2024.03.24"]
[Round "9.6"]
[White "Brunello, Sabino"]
[Black "Parligras, Mircea-Emilian"]
[Result "1-0"]
[ECO "A13"]
[WhiteElo "2515"]
[BlackElo "2543"]
[Annotator "TA"]
[PlyCount "76"]
[EventDate "2024.03.20"]
[EventType "swiss"]
[EventCountry "ROU"]
[SourceTitle "playchess.com"]
[Source "ChessBase"]
[SourceQuality "1"]
[TimeControl "900+5"]

1. c4 e6 2. g3 d5 3. Nf3 dxc4 4. Qa4+ Nd7 5. Qxc4 a6 6. Qc2 b5 7. Nd4 Ne7 8. Bg2 {[%emt 0:00:06] Wehrt Bb7 ab. Weiß hat minimalen Vorteil.} Rb8 9. Nc3 (9. b4 $14) 9... c5 $11 10. Ne4 Qb6 {[%emt 0:00:14] Verhindert Nd6+} 11. Nf3 Bb7 12. b3 Nf5 (12... f5 $17 13. Nc3 Nc6) 13. Bb2 Be7 14. e3 {[%emt 0:01:07] Wehrt Nd4 ab} O-O 15. h4 (15. O-O $11) 15... Bxe4 (15... c4 $15 16. g4 Nh6) 16. Qxe4 Bf6 17. Bc3 Rfd8 18. O-O Rbc8 19. Rad1 c4 20. Bxf6 Nxf6 21. Qb1 Qd6 22. bxc4 bxc4 23. Rc1 Ng4 24. Qe4 Nf6 25. Qb1 Ng4 26. Qe4 Nf6 27. Qf4 Qxf4 28. gxf4 Ne4 29. Rc2 c3 30. d4 f6 31. Rfc1 Nfd6 32. Ne1 Rd7 (32... Kf7 $142) 33. f3 $16 Ng3 34. Kf2 (34. Rxc3 $2 {ist das falsche Schlagen.} Rxc3 35. Rxc3 Ne2+ 36. Kh2 Nxc3 $19) 34... Ngf5 35. Rxc3 Rxc3 36. Rxc3 Nxh4 37. Bf1 (37. Bh3 $18 Ndf5 38. Bf1) 37... a5 38. Nd3 Kf7 {[%emt 0:00:11] Gewichteter Fehlerwert: Weiß=0.14 (sehr präzise) /Schwarz=0.16 (sehr präzise) .  Fehler:       	Weiß=3     	Schwarz=3     Ungenau:       	Weiß=2     	Schwarz=4     OK:         	Weiß=12    	Schwarz=16} 1-0

[Event "Grand Prix Romania 1st Stage 2024"]
[Site "Bucuresti"]
[Date "2024.03.24"]
[Round "9.7"]
[White "Chigaev, Maksim"]
[Black "Tilicheev, Viacheslav"]
[Result "1-0"]
[ECO "A14"]
[WhiteElo "2617"]
[BlackElo "2485"]
[Annotator "TA"]
[PlyCount "85"]
[EventDate "2024.03.20"]
[EventType "swiss"]
[EventCountry "ROU"]
[SourceTitle "playchess.com"]
[Source "ChessBase"]
[SourceQuality "1"]
[TimeControl "900+5"]

1. c4 e6 2. g3 Nf6 3. Bg2 d5 4. Nf3 Be7 5. O-O O-O 6. b3 a5 7. Nc3 c6 8. d4 Nbd7 9. Qd3 b5 10. cxb5 {[%emt 0:01:40] Weiß steht etwas besser.} cxb5 11. Nxb5 Ba6 12. a4 Qb6 13. Bf4 Nh5 14. Bd2 Rfb8 15. Rfc1 {[%emt 0:00:26] Schwarz muss nun Ne5 beachten. Weiß steht aktiver. Weiß behält die Zügel nun fest in der Hand.} Bxb5 (15... Nhf6 $16) 16. axb5 $18 (16. Qxb5 $6 Qxb5 17. axb5 Rxb5 $14) 16... Bf8 17. Ne5 $1 Nxe5 18. dxe5 {[%emt 0:00:03] Droht stark e4.} g6 {[%emt 0:00:10] [#]} 19. e4 $1 Qxb5 20. Qxb5 Rxb5 {[%emt 0:00:01] [#]} 21. exd5 $1 exd5 22. Rc7 Re8 23. Rxa5 ({Finger weg von} 23. Bxa5 Ra8 $16) 23... Rxa5 24. Bxa5 Rxe5 25. Rc8 {[%emt 0:01:04] Bb4 ist eine echte Drohung.} Ng7 26. Bc3 d4 27. Bxd4 Re1+ 28. Bf1 {[%emt 0:00:02] Das Läuferpaar ist gut.} Ne6 29. Be3 Rb1 30. Kg2 Rxb3 $2 (30... Kg7 {war angesagt.} 31. Bc4 Ba3) 31. Bc4 Rb7 (31... Rxe3 $142 32. fxe3 Ng5) 32. Bxe6 fxe6 {[%emt 0:00:01][%mdl 4096] Endspiel. KRB-KRB} 33. Bh6 Rf7 34. f4 Rf5 35. Re8 (35. g4 $142 Rf7 36. Kh3 Rg7 37. Kh4 (37. Bxg7 Kxg7 38. Rc7+ Kg8 $18) 37... Kf7 38. Rc7+ Kg8 39. Bxg7 Bxg7 40. Kg5) 35... Rf6 36. g4 Rf7 37. h3 (37. Kf3 $142 e5 38. Rxf8+ Rxf8 39. Bxf8 exf4 40. Bh6 Kf7 41. Kxf4 (41. Bxf4 Kf6 $18) 41... Kf6 42. Bg5+ Ke6 43. h4) 37... Rf6 38. Kf3 {[%emt 0:00:06] Weiß setzt Matt.} e5 39. Rxf8+ Rxf8 40. Bxf8 Kxf8 41. fxe5 Kf7 42. Ke4 Ke6 43. g5 {[%emt 0:00:10] Gewichteter Fehlerwert: Weiß=0.06 (makellos) /Schwarz=0.63.  Fehler:       	---       	Schwarz=3     Ungenau:       	---       	Schwarz=3     OK:         	Weiß=12    	Schwarz=9     Bester:       	Weiß=1     	---        Stark:        	Weiß=1     	---} 1-0

[Event "Grand Prix Romania 1st Stage 2024"]
[Site "Bucuresti"]
[Date "2024.03.24"]
[Round "9.8"]
[White "Bernadskiy, Vitaliy"]
[Black "Rozen, Eytan"]
[Result "1-0"]
[ECO "D11"]
[WhiteElo "2573"]
[BlackElo "2487"]
[Annotator "TA"]
[PlyCount "101"]
[EventDate "2024.03.20"]
[EventType "swiss"]
[EventCountry "ROU"]
[SourceTitle "playchess.com"]
[Source "ChessBase"]
[SourceQuality "1"]
[TimeControl "900+5"]

1. c4 c6 2. d4 d5 3. Nf3 Nf6 4. Nbd2 Bf5 5. Nh4 Be4 6. Qb3 {[%emt 0:00:07] D11: Slav Defence: 3 Nf3 sidelines and 3...Nf6 4 e3 Bg4.} dxc4 7. Qxc4 $146 ({Predecessor:} 7. Qxb7 Nbd7 8. f3 Bd5 9. e4 e6 10. g3 Rb8 11. Qa6 Bb4 12. a3 Bxd2+ 13. Bxd2 Rxb2 14. exd5 cxd5 {0-1 Vorobiov,E (2537)-Ozsakallioglu,O (2270) Ayvalik Kumru 2022 (5)}) 7... Nbd7 8. Nxe4 Nxe4 9. Nf3 e6 10. a3 c5 11. Qc2 Ndf6 12. Qa4+ Qd7 13. Qxd7+ Kxd7 14. Ne5+ Ke8 15. f3 Nd6 16. dxc5 Nf5 17. b4 a5 18. Bb2 $2 ({Better is} 18. e4 $18 Nd4 19. Bb2 Nc2+ 20. Kf2 axb4 (20... Nxa1 $2 21. Bb5+ Ke7 22. c6 $18) 21. Bb5+ Ke7 22. c6 bxc6 (22... Nxa1 $2 23. cxb7 Rb8 24. Rd1 $18) 23. Nxc6+ Kd6 24. Rac1) 18... Ne3 $1 $14 19. Kf2 Nfd5 20. c6 bxc6 21. Nxc6 axb4 22. axb4 Rxa1 23. Bxa1 Nd1+ 24. Ke1 N1e3 25. Kd2 Nxb4 26. Kxe3 Nxc6 27. Kf2 f6 28. e3 Kf7 29. Bb5 Nb4 30. Rd1 Bc5 31. Rd7+ Kg6 32. Bc3 (32. Bc4 $14) 32... Ra8 (32... Nd5 $1 $11 33. Bd3+ f5 34. Bxg7 (34. Rxg7+ Kh6 $11) 34... Bxe3+ 35. Kf1 Ra8) 33. Bc4 $14 Ra3 34. Bd2 e5 35. Ke2 h6 (35... h5 $16 36. Bf7+ (36. Rc7 Bd6 $16) 36... Kh6) 36. g4 $18 Ra1 37. h4 Rh1 (37... h5 {was called for.} 38. Rc7 Bd6) 38. Bf7+ $18 Kh7 39. h5 Rh2+ 40. Kf1 Nc6 41. Bd5 (41. Bg6+ $142 Kg8 42. Bc3 Rh1+ (42... Bxe3 $2 {loses.} 43. Rc7 $18) 43. Ke2) 41... Ne7 $18 42. Be4+ Kg8 {[%emt 0:00:01] [#]} 43. Bg6 $1 Nc6 $2 (43... Nxg6 44. hxg6 Kf8 45. Rf7+ Ke8) 44. Ke1 $18 Bf8 $2 (44... Rh1+ {is a better defense.} 45. Ke2 Ba3) 45. Rc7 (45. Bf7+ $142 Kh8 46. Bg6) 45... Ne7 (45... Rh1+ $142 46. Ke2 Rh2+ 47. Kd1 Ne7) 46. Be4 $18 Rh1+ 47. Ke2 Ra1 48. Bb4 Kf7 49. Bg6+ Ke6 50. Bc2 ({Resist} 50. Bf5+ Kf7 51. Bg6+ Ke6 $18) 50... Nd5 $2 (50... Ra2 $18 51. Kd1 Rb2) 51. Bf5# 1-0